 Dungeon Crawl Stone Soup version bcrawl-1.21.3-16-g7f46a08de7 (webtiles) character file.

Game seed: 2734850668438080065

29 Anathary the Sneak (level 3, 0/33 HPs)
             Began as a Naga Sloth Apostle on Apr 30, 2020.
             Was a Follower of Cheibriados.
             Slain by a crimson imp (2 damage)
             ... on level 2 of the Dungeon.
             The game lasted 00:04:16 (1528 turns).

Anathary the Sneak (Naga Sloth Apostle)             Turns: 1528, Time: 00:04:17

Health: 0/33       AC:  3    Str: 16    XL:     3   Next: 16%
Magic:  4/4        EV:  6    Int: 14    God:    Cheibriados [*.....]
Gold:   60         SH:  8    Dex: 13    Spells: 3/4 levels left

rFire    . . .     SeeInvis +   a - +0 falchion
rCold    . . .     Gourm    .   c - +0 medium shield
rNeg     . . .     Faith    .   b - +0 robe
rPois    +         Spirit   .   (no helmet)
rElec    .         Reflect  .   (no cloak)
rCorr    .         Harm     .   k - +0 pair of gloves
MR       .....                  (no barding)
Stlth    +++.......             (no amulet)
HPRegen  0.11/turn              (no ring)
MPRegen  0.09/turn              (no ring)

@: very slow
A: large, see invisible, deformed body, poison resistance, slowness 2, slow
metabolism 1, spit poison 1, AC +1
a: Spit Poison, Bend Time, Renounce Religion


You were on level 2 of the Dungeon.
You worshipped Cheibriados.
Cheibriados was aware of your devotion.
You were hungry.

You visited 1 branch of the dungeon, and saw 2 of its levels.

You collected 60 gold pieces.

Inventory:

Hand Weapons
 a - a +0 falchion (weapon)
Armour
 b - a +0 robe (worn)
 c - a +0 medium shield (worn)
 k - a +0 pair of gloves (worn)
Wands
 d - a wand of paralysis (10)
Scrolls
 f - a scroll of remove curse {unknown}
 g - a scroll of enchant armour {unknown}
 h - a scroll of amnesia {unknown}
 i - 2 scrolls of immolation {unknown}
 j - a scroll of identify {unknown}
Comestibles
 e - a ration {!d}


   Skills:
 + Level 2.6 Fighting
 + Level 2.2 Long Blades
 + Level 5.8 Stealth
 + Level 1.6 Shields
 + Level 1.0 Spellcasting
 + Level 1.0 Hexes
 + Level 1.0 Evocations


You had 3 spell levels left.
You knew the following spells:

 Your Spells              Type           Power        Failure   Level  Hunger
a - Slow                  Hex            #.......     63%         1    ##.....
Your spell library was empty.

Dungeon Overview and Level Annotations

Branches:
Dungeon (2/12)

Altars:


Innate Abilities, Weirdness & Mutations

You cannot wear boots.
Your serpentine skin is tough. (AC +1)
You have supernaturally acute eyesight. (SInv)
Armour fits poorly on your strangely shaped body.
Your system is resistant to poisons. (rPois)
You cover ground very slowly.
You have a slow metabolism.
You can spit poison.


Message History

You barely miss the crimson imp. You block the crimson imp's attack.
You hit the crimson imp.
The crimson imp is moderately wounded.
The crimson imp barely misses you. The crimson imp hits you.
* * * LOW HITPOINT WARNING * * *
You miss the crimson imp.
The crimson imp is lightly wounded.
The crimson imp hits you.
* * * LOW HITPOINT WARNING * * *
You barely miss the crimson imp.
The crimson imp is lightly wounded.
The crimson imp closely misses you.
You closely miss the crimson imp. You block the crimson imp's attack.
You hit the crimson imp.
The crimson imp is moderately wounded.
You block the crimson imp's attack.
You closely miss the crimson imp.
The crimson imp is moderately wounded.
The crimson imp hits you.
You die...

##### #...#
#...# #...#
##.##
#...####......
#<.@..........
#..5##########
#...# #...#
#...# #####


You could see a crimson imp.

Vanquished Creatures
  2 leopard geckos (D:1)
  2 ball pythons (D:1)
  4 bats (D:1)
  2 giant cockroaches (D:1)
  A goblin (D:1)
  3 hobgoblins (D:1)
  A frilled lizard (D:1)
  2 kobolds (D:1)
  10 rats
27 creatures vanquished.

Notes
Turn   | Place    | Note
-------+----------+-------------------------------------------
     0 | D:1      | Anathary the Naga Sloth Apostle began the quest for the
                  | Orb.
     0 | D:1      | Reached XP level 1. HP: 19/19 MP: 2/2
   132 | D:1      | Reached skill level 5 in Stealth
   389 | D:1      | Reached XP level 2. HP: 23/26 MP: 3/3
   768 | D:1      | Reached * piety under Cheibriados
   768 | D:1      | Reached XP level 3. HP: 30/33 MP: 4/4
  1528 | D:2      | Slain by a crimson imp

Skill      XL: |  1 |
---------------+----+-----
Stealth        | 5 |  5.8
Fighting       | |  2.6
Long Blades    | |  2.2
Shields        | |  1.6
Spellcasting   | |  1.0
Hexes          | |  1.0
Evocations     | |  1.0

Action                   || total
-------------------------++-------
Melee: Falchion          ||   151
 Abil: Spit Poison       ||     2
 Stab: Sleeping          ||    12
Armor: Robe              ||    36
Dodge: Dodged            ||    40
Block: Medium shield     ||    72
